 Dungeon Crawl Stone Soup version 0.30-a0-618-gd6c86c23d0 (webtiles) character file.

Game seed: 6373551374386901087

84 bande the Covered (level 4, -1/29 HPs)
             Began as a Gargoyle Fighter on Jan 9, 2023.
             Killed from afar by an orc wizard (4 damage)
             ... with a magic dart
             ... on level 3 of the Dungeon.
             The game lasted 00:02:39 (2104 turns).

bande the Covered (Gargoyle Fighter)                Turns: 2104, Time: 00:02:40

Health: -1/29      AC: 10    Str: 20    XL:     4   Next: 45%
Magic:  4/4        EV:  9    Int:  8    God:
Gold:   37         SH:  0    Dex: 11    Spells: 3/3 levels left

rFire   . . .      SeeInvis .    a - +0 war axe
rCold   . . .      Faith    .    c - +0 buckler
rNeg    + . .      Spirit   .    b - +0 scale mail
rPois   ∞          Reflect  .    (no helmet)
rElec   +          Harm     .    (no cloak)
rCorr   .          Rampage  .    (no gloves)
Will    .....                    (no boots) Stlth
                                 (no amulet)
HPRegen 0.24/turn                (no ring)
MPRegen 0.09/turn                (no ring)

@: confused
A: sickness immunity, AC +3, negative energy resistance 1, electricity
resistance, torment resistance 1, petrification resistance
a: no special abilities


You were on level 3 of the Dungeon.
You visited 1 branch of the dungeon, and saw 3 of its levels.

You collected 37 gold pieces.

Inventory:

Hand Weapons
 a - a +0 war axe (weapon)
Armour
 b - a +0 scale mail (worn)
 c - a +0 buckler (worn)
Jewellery
 i - a ring of flight
Scrolls
 h - 3 scrolls of identify
Potions
 d - a potion of might
 e - a potion of resistance
 f - a potion of mutation {unknown}
 g - 2 potions of curing {unknown}


   Skills:
 + Level 3.9 Fighting
 + Level 2.9 Axes
 + Level 3.9 Armour
 - Level 0.1 Stealth
 + Level 3.7 Shields


You had 3 spell levels left.
You didn't know any spells.
Your spell library was empty.

Dungeon Overview and Level Annotations

Branches:
Dungeon (3/15)

Altars:


Innate Abilities, Weirdness & Mutations

You are immune to sickness and miasma.
Your stone body is resilient. (AC +3)
You are immune to poison.
You resist negative energy. (rN+)
You are resistant to electric shocks. (rElec)
You are resistant to unholy torment.
You are immune to petrification.


Message History

A goblin comes into view. It is wielding a +0 club.
An orc priest comes into view. It is wielding a +0 club.
The orc wizard moves out of view.
An orc comes into view. It is wielding a +0 dagger.
The orc shouts!
The orc wizard hits you but does no damage.
The orc priest looks satisfied for a moment.
The orc moves out of view.
You hit the orc wizard but do no damage.
The orc wizard hits you but does no damage.
The orc priest mumbles some strange prayers to Beogh against you.
Beogh smites you!
You barely miss the orc wizard. You slash the goblin!
You kill the goblin!
The orc wizard points at you and mumbles some strange words.
You are confused.
You are too confused!
You are too confused!
You are too confused!
You are too confused!
You are too confused!
You are too confused!
You are too confused!
You are too confused!
You are too confused!
You are too confused!
You are too confused!
Unknown command.
You miss the orc wizard.
The orc wizard hits you but does no damage.
The orc priest invokes the aid of Beogh against you.
Beogh smites you!
* * * LOW HITPOINT WARNING * * *
The orc wizard casts a spell at you.
You are more confused.
Unknown command.
The orc wizard completely misses you. The orc hits you but does no damage.
The orc wizard points at you and mumbles some strange words.
The magic dart hits you.
You die...

,,,,,,,,*******,,#...<....<#.....
,,,,,,,,*....,,,,#...............
,,,,,,,,*....,,,,#...............
,****,,,*.....,,,,#...###........
,,,,,****,....,,,,#...##.........
,,,,,,,,,,,#...,,,#.............#
,,*****,****#.o##+#.............#
,,***,*,*,**#...oo..............+
,,*,,*,,,,*,#..o@......####.....#
*,**,,,,,,,*#...w..>$..#**#.#####
****,,,,,,,*#.............#..,,,,
,,**~,,,,,,*#.......8#8...#,..,,,
,,**,,,,,,,*#.......#)#...#,,..,,
,,**,,,,,,,,#.......8#8...#,,,,,,
,,**,,,,,,,,#..#..........#,,,,,,
,,*,,,***,**#..#............,,,,,
,,**,,,,,,,**,,#....,,,,,.#.,,,,,


You could see a worm, an orc priest, 2 orc wizards and an orc.

Vanquished Creatures
  3 adders (D:2)
  A white imp (D:3)
  2 worms (D:2)
  2 dart slugs
  4 bats
  3 endoplasms (D:1)
  3 giant cockroaches
  2 goblins
  2 hobgoblins
  3 jackals
  3 kobolds (D:1)
  2 quokkas
  2 ball pythons
  4 frilled lizards
  5 rats
41 creatures vanquished.

Notes
Turn   | Place    | Note
-------+----------+-------------------------------------------
     0 | D:1      | bande the Gargoyle Fighter began the quest for the Orb.
     0 | D:1      | Reached XP level 1. HP: 14/14 MP: 1/1
   169 | D:1      | Reached XP level 2. HP: 12/19 MP: 2/2
  1225 | D:2      | Reached XP level 3. HP: 23/23 MP: 3/3
  1651 | D:2      | Reached XP level 4. HP: 24/29 MP: 4/4
  1715 | D:2      | Found a faded altar of an unknown god.
  2104 | D:3      | Killed from afar by an orc wizard

Illustrated notes

Levels and vault maps discovered:
D:1:      amcnicky_arrival_blooded_trapdoor, layout_basic, minmay_pentomino_x4
D:2:      minmay_skewed_foursquare, layout_basic,
          chequers_ecumenical_altar_lobes
D:3:      layout_basic, nicolae_hepliaklqana_monster_ancestors,
          lemuel_crystal_altar, minmay_statues_item, lexackson_kobold_supper

Skill      XL: |  1  2 |
---------------+-------+-----
Axes           | 2 |  2.9
Fighting       | |  3.9
Armour         | |  3.9
Stealth        | |  0.1
Shields        | |  3.7

Action                   |  1- 3 |  4- 6 || total
-------------------------+-------+-------++-------
Melee: War axe           |   104 |    16 ||   120
  Use: Scroll            |     4 |     2 ||     6
Armor: Scale mail        |    83 |    10 ||    93
Dodge: Dodged            |    62 |     7 ||    69
Block: Buckler           |    25 |     5 ||    30

Table legend: (Time is in decaauts)
 A = Elapsed time spent in this place.
 B = Non-inter-level travel time spent in this place.
 C = Inter-level travel time spent in this place.
 D = Time resting spent in this place.
 E = Time spent auto-exploring this place.
 F = Levels seen in this place.
 G = Mean time per level.
                   A        B        C        D        E       F      G
               +--------+--------+--------+--------+--------+-----+--------+
         Total |   2155 |   1980 |    175 |    135 |   1547 |   3 |  718.3 |
       Dungeon |   2155 |   1980 |    175 |    135 |   1547 |   3 |  718.3 |
               +--------+--------+--------+--------+--------+-----+--------+

Top non-repeatable levels by time:
     D:1: 1232 daAuts
     D:2: 880 daAuts
     D:3: 43 daAuts
